 Dungeon Crawl Stone Soup version 0.21.1-1-g345015f (webtiles) character file.

8373 JeffiDaFish the Basher (level 11, -2/64 HPs)
             Began as a Gargoyle Fighter on Feb 6, 2018.
             Was a High Priest of Okawaru.
             Killed from afar by a molten gargoyle (19 damage)
             ... with a bolt of magma
             ... on level 10 of the Dungeon.
             The game lasted 00:25:32 (8710 turns).

JeffiDaFish the Basher (Gargoyle Fighter)           Turns: 8710, Time: 00:25:34

Health: -2/64      AC: 27    Str: 22    XL:     11   Next: 29%
Magic:  6/11       EV:  7    Int:  9    God:    Okawaru [*****.]
Gold:   323        SH: 13    Dex: 10    Spells: 8/10 levels left

rFire    . . .     SeeInvis .   a - +1 flail
rCold    . . .     Gourm    .   c - +2 shield
rNeg     + + .     Faith    .   j - +0 plate armour
rPois    ∞         Spirit   .   e - +2 helmet
rElec    +         Reflect  .   (no cloak)
rCorr    .         Harm     .   m - +0 pair of gloves
MR       .....     Clarity  +   (no boots)
Stlth    ..........             (no amulet)
HPRegen  0.20/turn              o - ring "Noasal" {rPois rN+ Slay+2}
MPRegen  0.12/turn              p - ring of flight

@: finesse
A: fangs 1, rugged brown scales 1, clarity, frail 1, negative energy resistance
1, electricity resistance, unbreathing, petrification resistance, rot immunity,
AC +8
a: Heroism, Finesse, Renounce Religion, Evoke Flight


You were on level 10 of the Dungeon.
You worshipped Okawaru.
Okawaru was extremely pleased with you.
You were not hungry.

You visited 1 branch of the dungeon, and saw 10 of its levels.
You also visited: Ossuary.

You collected 595 gold pieces.
You spent 272 gold pieces at shops.

Inventory:

Hand Weapons
 a - a +1 flail (weapon)
 u - the +6 quarterstaff "Ygoephoo" {venom, rElec}
   (You found it on level 8 of the Dungeon)

   It poisons the flesh of those it strikes.
   It insulates you from electricity.
Armour
 c - a +2 shield (worn)
 e - a +2 helmet (worn)
 j - a +0 plate armour (worn)
 m - a +0 pair of gloves (worn)
Jewellery
 o - the ring "Noasal" (left hand) {rPois rN+ Slay+2}
   (You took it off an orc on level 5 of the Dungeon)

   [ring of poison resistance]

   It affects your accuracy and damage with ranged weapons and melee attacks
   (+2).
   It protects you from poison.
   It protects you from negative energy.
 p - a ring of flight (right hand)
Scrolls
 b - 5 scrolls of remove curse
 i - 5 scrolls of teleportation
 l - a scroll of magic mapping
 n - 3 scrolls of blinking
 s - 3 scrolls of identify
Potions
 d - 4 potions of might
 g - 4 potions of agility
 h - 2 potions of curing
 k - 2 potions of brilliance
 q - a potion of flight
 r - a potion of heal wounds
Books
 t - a book of Minor Magic

   Spells                             Type                      Level
   a - Magic Dart                     Conjuration                  1
   b - Blink                          Translocation                2
   c - Call Imp                       Summoning                    2
   d - Slow                           Hexes                        2
   e - Conjure Flame                  Conjuration/Fire             3
   f - Mephitic Cloud                 Conjuration/Poison/Air       3
Comestibles
 f - 12 rations


   Skills:
 + Level 8.4 Fighting
 + Level 10.2 Maces & Flails
 + Level 8.2 Armour
 + Level 4.9 Dodging
 + Level 9.5 Shields


You had 8 spell levels left.
You knew the following spells:

 Your Spells              Type           Power        Failure   Level  Hunger
a - Blink                 Tloc           N/A          100%        2    ###....


Dungeon Overview and Level Annotations

Branches:
Dungeon (10/15)            Temple (0/1) D:6
   Lair: D:8-11         Orc: D:9-12

Altars:
Ashenzari
Cheibriados
Dithmenos
Elyvilon
Gozag
Hepliaklqana
Kikubaaqudgha
Nemelex Xobeh
Okawaru
Ru
Trog
Xom
Yredelemnul
The Shining One

Shops:
D:4 *   D:7 *:!%   D:8 ?


Innate Abilities, Weirdness & Mutations

You are resistant to torment.
Your stone body is resilient. (AC +8)
You are immune to poison.
You resist negative energy. (rN+)
You are resistant to electric shocks. (rElec)
You can survive without breathing.
You are immune to petrification.
You are immune to rotting.
You have very sharp teeth.
You are partially covered in rugged brown scales. (AC +1, +3% HP)
You possess an exceptional clarity of mind.
You are frail. (-10% HP)


Message History

Your plate armour prevents you from hitting the molten gargoyle.
The molten gargoyle is lightly damaged.
A molten gargoyle and a skeleton come into view.
The molten gargoyle hits you but does no damage.
You can now deal lightning-fast blows.
You block the molten gargoyle's attack. x2
You hit the molten gargoyle but do no damage.
The molten gargoyle is lightly damaged.
The molten gargoyle hits you with a dire flail.
You are engulfed in flames!
You sock the molten gargoyle!
The molten gargoyle is heavily damaged.
You barely miss the molten gargoyle.
The molten gargoyle is heavily damaged.
The molten gargoyle blasts magma at you!
The bolt of magma hits you!
* * * LOW HITPOINT WARNING * * *
The molten gargoyle blasts magma at you!
The bolt of magma hits you!
You die...

.≈≈≈≈≈≈ .# .. #.#
#.§≈88≈≈..#....# #.#
.§≈≈88§≈.#....[# #.#
#.§§§§≈≈≈.#....# #.#
≈≈≈§§§.#.....#######.#
≈.≈...#............#
.#9#.#.............#
#.#@#.#............#
+.9.........)......
#...(............##
###....###.......##
#....# #.......#.
#....# #....?..#.
###+## #.......#.
...........
...........


You could see 2 molten gargoyles.

Vanquished Creatures
  Erica (D:9)
  The ghost of fourfacedrat the Covert, a novice DDAs of Makhleb (D:9)
  A two-headed ogre (D:8)
  A gargoyle (D:10)
  A troll (D:9)
  Prince Ribbit (D:9)
  A hippogriff (D:8)
  A wyvern (D:9)
  3 yaks (D:8)
  A wraith (D:9)
  Grum (D:9)
  Menkaure (D:7)
  A water moccasin (D:6)
  2 orc warriors
  Duvessa (D:7)
  2 ice beasts
  3 sky beasts
  A black bear (D:9)
  2 ogres
  A necrophage (D:5)
  4 wolves (D:9)
  2 crocodiles
  4 elf zombies
  3 big kobolds
  A bullfrog (D:6)
  Dowan (D:7)
  4 elf skeletons (D:4)
  A wyvern skeleton (D:9)
  2 scorpions
  A troll zombie (D:9)
  A wight (D:9)
  A troll skeleton (D:9)
  6 howler monkeys
  A centaur zombie (D:7)
  A crimson imp (D:6)
  2 jellies
  2 quasits
  A bullfrog skeleton (D:4)
  5 hounds
  A human skeleton (D:4)
  4 orc priests
  A centaur skeleton (D:6)
  3 human zombies
  10 orc wizards
  An iguana (D:5)
  7 worker ants
  5 big kobold zombies (Ossuary)
  2 hound skeletons
  3 hound zombies
  5 mummies
  2 worker ant zombies
  4 gnolls (D:2)
  A howler monkey skeleton (D:5)
  6 adders
  2 shadow imps
  2 oozes
  An adder skeleton (D:5)
  3 adder zombies (Ossuary)
  3 worms
  A dart slug (D:2)
  9 leopard geckos
  33 orcs
  3 giant cockroaches
  6 goblins
  4 hobgoblins (D:1)
  6 jackals
  15 kobolds
  5 quokkas
  2 ball pythons (D:2)
  A ball python skeleton (D:4)
  6 bats
  6 frilled lizards
  A gnoll zombie (Ossuary)
  2 goblin zombies (Ossuary)
  3 hobgoblin zombies (Ossuary)
  A kobold zombie (Ossuary)
  4 orc skeletons
  3 orc zombies
  3 quokka skeletons
  7 quokka zombies
  10 rats
  7 rat zombies (Ossuary)
274 creatures vanquished.

Vanquished Creatures (collateral kills)
  A crimson imp (D:9)
1 creature vanquished.

Grand Total: 275 creatures vanquished

Notes
Turn   | Place    | Note
-------+----------+-------------------------------------------
     0 | D:1      | JeffiDaFish the Gargoyle Fighter began the quest for the Orb.
     0 | D:1      | Reached XP level 1. HP: 14/14 MP: 1/1
    11 | D:1      | Gained mutation: You are frail. (-10% HP) [potion of mutation]
    11 | D:1      | Gained mutation: You are partially covered in rugged brown scales. (AC +1, +3% HP) [potion of mutation]
    11 | D:1      | Gained mutation: You possess an exceptional clarity of mind. [potion of mutation]
    11 | D:1      | Gained mutation: You have very sharp teeth. [potion of mutation]
    76 | D:1      | Reached XP level 2. HP: 6/17 MP: 2/2
   762 | D:2      | Reached XP level 3. HP: 20/22 MP: 3/3
   970 | D:2      | Reached XP level 4. HP: 23/26 MP: 4/4
   983 | D:2      | Reached skill level 3 in Maces & Flails
  1189 | D:2      | Found a sparkling altar of Nemelex Xobeh.
  1411 | D:3      | Reached XP level 5. HP: 30/30 MP: 5/5
  1471 | D:3      | Found a snail-covered altar of Cheibriados.
  1471 | D:3      | Found a shimmering altar of Xom.
  1579 | D:3      | Found an iron altar of Okawaru.
  1594 | D:3      | Became a worshipper of Warmaster Okawaru
  2198 | D:4      | Reached skill level 4 in Maces & Flails
  2198 | D:4      | Reached XP level 6. HP: 35/35 MP: 6/6
  2331 | D:4      | Found a bloodstained altar of Trog.
  2543 | D:4      | Reached * piety under Okawaru
  2543 | D:4      | Reached skill level 5 in Shields
  2562 | D:4      | Found a sand-covered staircase.
  2578 | Ossuary  | Entered an ossuary
  2620 | Ossuary  | Reached skill level 5 in Maces & Flails
  2620 | Ossuary  | Reached XP level 7. HP: 23/40 MP: 7/7
  3055 | Ossuary  | Reached skill level 6 in Maces & Flails
  3126 | D:4      | Reached ** piety under Okawaru
  3154 | D:4      | Found Wuedacyry's General Store.
  3466 | D:4      | Reached XP level 8. HP: 44/44 MP: 8/8
  3518 | D:4      | Reached skill level 7 in Maces & Flails
  3577 | D:4      | Found a glowing golden altar of the Shining One.
  3629 | D:4      | Reached skill level 5 in Fighting
  3750 | D:5      | Entered Level 5 of the Dungeon
  4104 | D:5      | Got a shimmering turquoise ring
  4584 | D:5      | Reached skill level 8 in Maces & Flails
  4894 | D:6      | Reached skill level 1 in Dodging
  4904 | D:6      | Reached XP level 9. HP: 31/50 MP: 9/9
  4910 | D:6      | Reached *** piety under Okawaru
  5112 | D:6      | Reached skill level 5 in Armour
  5243 | D:6      | Found a shadowy altar of Dithmenos.
  5466 | D:6      | Found a staircase to the Ecumenical Temple.
  5635 | D:6      | Identified the ring "Noasal" {rPois rN+ Slay+2} (You took it off an orc on level 5 of the Dungeon)
  5689 | D:7      | Noticed Duvessa
  5690 | D:7      | Noticed Dowan
  5847 | D:7      | Found Tusmofif's General Store.
  5856 | D:7      | Found Hatritt's Book Shop.
  5891 | D:7      | Killed Duvessa
  5909 | D:7      | Killed Dowan
  5911 | D:7      | Reached **** piety under Okawaru
  5946 | D:7      | Noticed Menkaure
  5954 | D:7      | Killed Menkaure
  5975 | D:7      | Reached skill level 9 in Maces & Flails
  6030 | D:7      | Bought a scroll of blinking for 90 gold pieces
  6092 | D:7      | Found Zealirid's Food Shoppe.
  6094 | D:7      | Found Kicw's Distillery.
  6101 | D:7      | Bought a potion of haste for 130 gold pieces
  6101 | D:7      | Bought a potion of agility for 52 gold pieces
  6157 | D:7      | Learned a level 2 spell: Blink
  6311 | D:8      | Noticed a two-headed ogre
  6313 | D:8      | Found Quireakh's Magic Scroll Boutique.
  6502 | D:8      | Found a sacrificial altar of Ru.
  6585 | D:8      | Reached XP level 10. HP: 53/56 MP: 10/10
  6596 | D:8      | Got a scorched quarterstaff
  6601 | D:8      | Identified the +6 quarterstaff "Ygoephoo" {venom, rElec} (You found it on level 8 of the Dungeon)
  6629 | D:8      | Killed a two-headed ogre
  6629 | D:8      | Reached ***** piety under Okawaru
  6949 | D:8      | Found a hazy altar of Hepliaklqana.
  7076 | D:8      | Found an opulent altar of Gozag.
  7077 | D:8      | Found a basalt altar of Yredelemnul.
  7080 | D:8      | Found a white marble altar of Elyvilon.
  7635 | D:9      | Noticed Erica
  7637 | D:9      | Noticed Grum
  7645 | D:9      | Noticed Prince Ribbit
  7670 | D:9      | Killed Grum
  7670 | D:9      | Received a gift from Okawaru
  7683 | D:9      | Killed Erica
  7683 | D:9      | Reached XP level 11. HP: 39/63 MP: 11/11
  7698 | D:9      | Reached skill level 10 in Maces & Flails
  7907 | D:9      | Noticed fourfacedrat's ghost (novice DDAs)
  7981 | D:9      | Killed fourfacedrat's ghost
  7991 | D:9      | Killed Prince Ribbit
  8155 | D:9      | Found a snail-covered altar of Cheibriados.
  8292 | D:9      | Found a shattered altar of Ashenzari.
  8610 | D:9      | Found an ancient bone altar of Kikubaaqudgha.
  8668 | D:10     | Entered Level 10 of the Dungeon
  8710 | D:10     | Killed from afar by a molten gargoyle

Skill      XL: |  1  2  3  4  5  6  7  8  9 10 11 |
---------------+----------------------------------+-----
Maces & Flails | 3 4 5 6 8 9 10 | 10.2
Armour         | 4 6 7 8 |  8.2
Fighting       | 4 5 6 8 |  8.4
Shields        | 4 5 6 8 9 |  9.5
Dodging        | 1 2 4 |  4.9

Action                   |  1- 3 |  4- 6 |  7- 9 | 10-12 || total
-------------------------+-------+-------+-------+-------++-------
Melee: Flail             |   129 |   223 |   662 |   393 ||  1407
       Bite              |     7 |    27 |    61 |    51 ||   146
Invok: Finesse           |       |       |       |     1 ||     1
  Use: Scroll            |     4 |     5 |    11 |     4 ||    24
       Potion            |     3 |     2 |     5 |     3 ||    13
 Stab: Paralysed         |       |       |     1 |       ||     1
  Eat: Chunk             |       |     6 |    11 |     4 ||    21
       Ration            |       |       |     1 |     1 ||     2
Armor: Scale mail        |    68 |       |       |       ||    68
       Plate armour      |    31 |   190 |   463 |   251 ||   935
Dodge: Dodged            |    36 |    40 |   141 |    82 ||   299
Block: Shield            |    87 |   117 |   395 |   243 ||   842
